 Seeded DCSS version 0.32-a0-306-gfed3edf829 (webtiles) character file.

Game seed: 14894158512444251623 (custom seed)

1504 timneilson the Trooper (level 8, -14/58 HPs)
             Began as an Octopode Shapeshifter on Feb 14, 2024.
             Was an Initiate of Gozag.
             Killed from afar by a steam dragon (26 damage)
             ... with a ball of steam
             ... on level 7 of the Dungeon.
             The game lasted 00:09:49 (4858 turns).

timneilson the Trooper (Octopode Shapeshifter)      Turns: 4858, Time: 00:09:50

Health: -14/58     AC:  1    Str: 15    XL:     8   Next: 82%
Magic:  8/8        EV: 14    Int: 13    God:    Gozag
Gold:   885        SH:  0    Dex: 11    Spells: 7/7 levels left

rFire   . .          .
                       - Unarmed
rCold   . . .        (no shield)
rNeg    . . .        (helmet currently unavailable)
rPois   .            (no amulet)
rElec   .            (no ring)
rCorr   .            (no ring)
SInv    .            (no ring)
Will    .....        (no ring)
Stlth   ++++         (no ring)
HPRegen 0.29/turn    (no ring)
MPRegen 0.11/turn    (no ring)
                     (no ring)

%: no passive effects
@: beast-form, studying Fighting
A: beast (slay +3), almost no armour, amphibious, 8 rings, camouflage 1,
gelatinous body 1, (nimble swimmer 1), tentacles
a: Begin Untransformation, Renounce Religion, Potion Petition, Call Merchant,
Bribe Branch


You were on level 7 of the Dungeon.
You worshipped Gozag.
Gozag was pleased with you.
You were a hulking beast.
You visited 2 branches of the dungeon, and saw 8 of its levels.

You collected 927 gold pieces.
You paid 42 gold pieces to Gozag.

Inventory:

Missiles
 p - 2 poisoned darts (quivered)
Jewellery
 n - a ring of fire
Talismans
 b - a beast talisman (active)
 c - a flux talisman
Wands
 k - a wand of paralysis (8)
 l - a wand of flame (13)
Scrolls
 m - a scroll of teleportation
 s - a scroll of noise
Potions
 a - 4 potions of lignification
 d - a potion of enlightenment
 e - 3 potions of curing
 f - 2 potions of might
 g - 3 potions of ambrosia
 h - a potion of degeneration {unknown}
 i - a potion of magic {unknown}
 j - 2 potions of heal wounds {unknown}
 o - 3 potions of attraction
 q - a potion of haste {unknown}
 t - a potion of brilliance {unknown}
 v - a potion of mutation {unknown}


   Skills:
 * Level 6.4 Fighting
 * Level 5.0 Dodging
 + Level 4.8 Stealth
 * Level 5.7 Unarmed Combat
 + Level 3.1 Evocations
 * Level 5.2 Shapeshifting


You had 7 spell levels left.
You didn't know any spells.
Your spell library contained the following spells:

 Spells                   Type           Power      Damage    Failure   Level
 Ensorcelled Hibernation  Hex/Ice        0%         N/A       43%         2
 Call Canine Familiar     Summ           0%         N/A       67%         3
 Fugue of the Fallen      Necr           0%         N/A       67%         3
 Ozocubu's Armour         Ice            0%         N/A       67%         3
 Passwall                 Erth           0%         N/A       67%         3
 Sigil of Binding         Hex            0%         N/A       67%         3
 Swiftness                Air            0%         N/A       67%         3
 Dimensional Bullseye     Hex/Tloc       0%         N/A       97%         4
 Manifold Assault         Tloc           0%         N/A       97%         4


Dungeon Overview and Level Annotations

Branches:
Dungeon (7/15)             Temple (1/1) D:5

Altars:
Ashenzari
Dithmenos
Fedhas
Gozag
Kikubaaqudgha
Makhleb
Nemelex Xobeh
Okawaru
Qazlal
Ru
Sif Muna
Trog
Uskayaw
Vehumet
Wu Jian
Xom
Yredelemnul
Zin
The Shining One

Shops:
D:5 [


Innate Abilities, Weirdness & Mutations

You are a hulking beast.
Your limbs bulge with bestial killing power. (Slay +3)
You cannot wear most types of armour.
You are amphibious.
You can wear up to eight rings at the same time.
Your skin changes colour to match your surroundings (Stealth+).
Your rubbery body absorbs attacks. (AC +1, EV +1)
((You are camouflaged when in or above water. (Stealth+)))
You have tentacles for arms and can constrict up to eight enemies at once.


Message History

As you open the door, it creaks loudly!
There is an open door here.
There is an open door here.
There is an open door here.
You see here a +0 short sword.
Done exploring.
Done exploring.
As you read the scroll of identify, it crumbles to dust.
f - 2 potions of might
As you read the scroll labelled TUSHER ZADGH, it dissolves into smoke.
It was a scroll of fog.
You see here a +0 short sword.
There is a stone staircase leading down here.
You climb downwards.
Found a potion of enlightenment and a long sword.
There is a stone staircase leading up here.
The helpless steam dragon fails to defend itself.
You tentacle-slap the steam dragon but do no damage.
Your squeeze misses the steam dragon. You tentacle-slap the steam dragon.
Your squeeze misses the steam dragon.
The steam dragon is lightly wounded.
The steam dragon bites you. The steam dragon claws you.
You barely miss the steam dragon.
The steam dragon is lightly wounded.
The steam dragon breathes steam at you. The ball of steam hits you!!
You hear a shout! x2
You tentacle-slap the steam dragon but do no damage.
Your squeeze misses the steam dragon.
The steam dragon is lightly wounded.
You are engulfed in a cloud of scalding steam.
The steam dragon bites you! The steam dragon claws you.
You bludgeon the steam dragon!
The steam dragon is heavily wounded.
You are engulfed in a cloud of scalding steam.
* * * LOW HITPOINT WARNING * * *
The steam dragon breathes steam at you. The ball of steam hits you!!
You die...
Your body crumbles into a pile of gold.

... .. .
#######.#.
##.....#).
##.......##
#.........#
#....§§§..#
#....§§hD.#
#....§§§.......
#.<..§....##...
##........... #
#.........###
#.........#
#...!.....#
#..........
#..........


You could see a steam dragon (catching breath).

Vanquished Creatures
  Eustachio (D:6)
  A wyvern (D:4)
  Menkaure (D:4)
  3 black bears
  2 ogres
  A phantom (D:4)
  Blork the orc (D:4)
  A bombardier beetle (D:4)
  2 hounds
  An orc priest (D:4)
  A sleepcap (D:4)
  An iguana (D:6)
  Ijyb (D:3)
  Natasha (thrice) (D:4)
  2 orc wizards
  Robin (D:3)
  3 adders
  A shadow imp (D:3)
  A white imp (D:4)
  A dart slug (D:1)
  A ribbon worm (D:2)
  9 orcs
  7 endoplasms
  2 giant cockroaches (D:1)
  16 goblins
  3 hobgoblins
  4 jackals (D:1)
  9 kobolds
  2 quokkas
  9 ball pythons
  6 bats
  3 frilled lizards (D:1)
  4 rats
104 creatures vanquished.

Vanquished Creatures (others)
  An arcanist (D:3)
1 creature vanquished.

Grand Total: 105 creatures vanquished

Notes
Turn   | Place    | Note
-------+----------+-------------------------------------------
     0 | D:1      | timneilson the Octopode Shapeshifter began the quest for
                  | the Orb.
     0 | D:1      | Reached XP level 1. HP: 13/13 MP: 1/1
   152 | D:1      | Reached XP level 2. HP: 12/18 MP: 2/2
   190 | D:1      | Found a faded altar of an unknown god.
   289 | D:1      | Reached skill level 1 in Stealth
   333 | D:1      | Reached XP level 3. HP: 23/23 MP: 3/3
   826 | D:2      | Reached XP level 4. HP: 29/29 MP: 4/4
  1031 | D:2      | Identified 2 scrolls of acquirement
  1031 | D:2      | Acquired 669 gold pieces
  1033 | D:2      | Acquired a manual of Fighting
  1084 | D:2      | Reached skill level 2 in Fighting
  1422 | D:3      | Noticed Ijyb
  1428 | D:3      | Paralysed by Ijyb for 3 turns
  1436 | D:3      | Killed Ijyb
  1535 | D:3      | Noticed Robin
  1543 | D:3      | Reached XP level 5. HP: 13/34 MP: 5/5
  1564 | D:3      | Killed Robin
  1689 | D:3      | Identified the +6 trident "Myzef" {heavy, rElec Dex+3 SInv
                  | Stlth-}
  1843 | D:3      | Reached skill level 1 in Evocations
  1967 | D:3      | Found a bloodstained altar of Trog.
  1973 | D:3      | Noticed a wizard
  1976 | D:3      | Killed a wizard
  2022 | D:3      | Noticed a black bear
  2043 | D:3      | Killed a black bear
  2044 | D:3      | Reached skill level 3 in Fighting
  2044 | D:3      | Reached XP level 6. HP: 42/42 MP: 6/6
  2362 | D:4      | Noticed Menkaure
  2367 | D:4      | Killed Menkaure
  2368 | D:4      | Noticed Blork the orc
  2372 | D:4      | Killed Blork the orc
  2373 | D:4      | Reached skill level 4 in Fighting
  2373 | D:4      | Reached XP level 7. HP: 41/48 MP: 7/7
  2685 | D:4      | Noticed a wyvern
  2700 | D:4      | Killed a wyvern
  2701 | D:4      | Reached skill level 5 in Fighting
  2701 | D:4      | Reached skill level 5 in Unarmed Combat
  2836 | D:4      | Noticed Natasha
  2845 | D:4      | Killed Natasha
  2846 | D:4      | Reached XP level 8. HP: 55/55 MP: 8/8
  2850 | D:4      | Noticed Natasha
  2855 | D:4      | Killed Natasha
  3158 | D:4      | Noticed Natasha
  3186 | D:4      | Killed Natasha
  3241 | D:5      | Entered Level 5 of the Dungeon
  3429 | D:5      | Found a stormy altar of Qazlal.
  3464 | D:5      | Found a staircase to the Ecumenical Temple.
  3471 | Temple   | Entered the Ecumenical Temple
  3475 | Temple   | Became a worshipper of Gozag Ym Sagoz the Greedy
  3778 | D:5      | Found Liurennu's Antique Armour Emporium.
  4195 | D:6      | Reached skill level 5 in Shapeshifting
  4254 | D:6      | Noticed Eustachio
  4260 | D:6      | Killed Eustachio
  4261 | D:6      | Reached skill level 6 in Fighting
  4465 | D:6      | Reached skill level 5 in Dodging
  4858 | D:7      | Killed from afar by a steam dragon

Illustrated notes

Levels and vault maps discovered:
D:1:      minmay_arrival_widening_spiral_wide, layout_loops_ring,
          shapermc_ecumenical_altar_pompeii, minmay_misc_feat_five
D:2:      layout_loops_ring, minmay_shallow_snake_nest
D:3:      layout_rooms, trog_wizard, serial_bayou, serial_bayou_ford_a,
          serial_bayou_shore_b, serial_bayou_shore_b, serial_bayou_shore_a,
          serial_bayou_pond_c, serial_bayou_shore_b, uniq_ijyb, uniq_robin
D:4:      layout_rooms, uniq_blork_the_orc, uniq_menkaure, uniq_natasha
D:5:      layout_cave_pods, grunt_qazlal_clouds, minmay_temple_entry_trees,
          serial_shops, nicolae_shop_tiny_real_fake_doors
D:6:      layout_gridville, eino_small_chamber_without_monster, uniq_eustachio
D:7:      minmay_spotlight, layout_rooms, mainiacjoe_overflow_large_starburst
Temple:   sentei_temple_godly_chess

Skill      XL: |  1  2  3  4  5  6  7  8 |
---------------+-------------------------+-----
Stealth        | 1 2 3 4 |  4.8
Fighting       | 2 3 4 5 6 |  6.4
Evocations     | 1 2 3 |  3.1
Unarmed Combat | 4 5 |  5.7
Dodging        | 3 4 5 |  5.0
Shapeshifting  | 4 5 |  5.2

Action                     |  1- 3 |  4- 6 |  7- 9 || total
---------------------------+-------+-------+-------++-------
  Melee: Unarmed           |    51 |    67 |    90 ||   208
         Constrict         |    13 |    19 |    16 ||    48
         Tentacles         |     7 |    16 |    27 ||    50
         Punch             |     2 |     1 |     1 ||     4
  Throw: Dart              |       |       |     6 ||     6
  Evoke: Wand              |       |    11 |     4 ||    15
    Use: Scroll            |     1 |     9 |     4 ||    14
   Stab: Sleeping          |     7 |     6 |     7 ||    20
         Paralysed         |       |       |     4 ||     4
 Armour: Skin              |    15 |    33 |    32 ||    80
  Dodge: Dodged            |    24 |    36 |    35 ||    95

Table legend: (Time is in decaauts)
 A = Elapsed time spent in this place.
 B = Non-inter-level travel time spent in this place.
 C = Inter-level travel time spent in this place.
 D = Time resting spent in this place.
 E = Time spent auto-exploring this place.
 F = Levels seen in this place.
 G = Mean time per level.
                   A        B        C        D        E       F      G
               +--------+--------+--------+--------+--------+-----+--------+
         Total |   4842 |   4708 |    134 |    664 |   3062 |   8 |  605.2 |
       Dungeon |   4833 |   4699 |    134 |    664 |   3062 |   7 |  690.4 |
        Temple |      8 |      8 |      0 |      0 |      0 |   1 |    8.0 |
               +--------+--------+--------+--------+--------+-----+--------+

Top non-repeatable levels by time:
     D:3: 1053 daAuts
     D:5: 799 daAuts
     D:6: 795 daAuts
     D:2: 746 daAuts
     D:4: 736 daAuts
     D:1: 694 daAuts
     D:7: 9 daAuts
  Temple: 8 daAuts
